cohdb
Replays
Latest Replays
All Replays
Popular Replays
Top Player Replays
Match Explorer
How It Works
Community
CoH3 Stats
Reddit
Sign in to upload your games and track your stats! →
Sign in with Steam
Match 43470683
Unlisted
Match 43470683
Overview
Messages
Build Orders
End
Kradschützen Motorcycle Team
Selects Italian Infantry
Panzergrenadier Squad
250 Light Carrier
Construct Light Support Kompanie
2.5-tonne Medical Truck
Panzergrenadier Squad
Selects Guastatori Squad
Guastatori Squad
Selects L6/40 Light Tank Combat Group
Panzerjäger Mechanized Group
Guastatori Squad
UnLove
zawlinnnaing
Publa
Skibana
Tok3n x Operator
TechT0nic
0
0
Comments
sign in to comment!
No comments posted yet!